 Dungeon Crawl Stone Soup version 0.18.1-1-g2f07953 (webtiles) character file.

123 Eucla the Insei (level 5, -1/28 HPs)
             Began as a Vine Stalker Monk on May 6, 2016.
             Was a Believer of Fedhas.
             Succumbed to a scorpion's poison
             ... on level 4 of the Dungeon.
             The game lasted 00:04:14 (2257 turns).

Eucla the Insei (Vine Stalker Monk)                 Turns: 2257, Time: 00:04:15

Health: -1/28      AC:  7    Str: 17 (19) XL:     5   Next: 7%
Magic:  6/6        EV: 11    Int:  7 (10) God:    Fedhas [**....]
Gold:   127        SH:  0    Dex: 15 (17) Spells: 0 memorised, 4 levels left

rFire  . . .     SeeInvis .       - Unarmed
rCold  . . .     Gourm    .     s - +0 ring mail
rNeg   . . .     Faith    .     (no shield)
rPois  .         Spirit   +     r - +0 helmet
rElec  .         Dismiss  .     (no cloak)
rCorr  +         Reflect  .     (no gloves)
SustAt .         Harm     .     h - +0 pair of boots
MR     .....                    (no amulet)
Stlth  +.........               (no ring)
                                t - ring of resist corrosion

@: mighty, lethally poisoned (-1 -> -17), very slightly contaminated, not
resistant to hostile enchantments, very unstealthy
A: fangs 2, regeneration 1, magic shield, antimagic bite, no device heal 3, rot
immunity
a: Evolution, Sunlight, Renounce Religion


You were on level 4 of the Dungeon.
You worshipped Fedhas.
Fedhas was pleased with you.
You were very hungry.

You visited 1 branch of the dungeon, and saw 4 of its levels.

You collected 127 gold pieces.

Inventory:

Armour
 a - a +0 robe
 c - a +0 leather armour
 h - a +0 pair of boots (worn)
 r - a +0 helmet (worn)
 s - a +0 ring mail (worn)
Jewellery
 t - a ring of resist corrosion (left hand)
Scrolls
 e - 2 scrolls of teleportation {unknown}
 g - 2 scrolls of enchant armour {unknown}
 i - a scroll of remove curse {unknown}
 k - 5 scrolls of identify {unknown}
 m - a scroll of recharging {unknown}
 v - 3 scrolls of immolation {unknown}
Potions
 f - a potion of curing
 j - a potion of degeneration
 o - 2 potions of flight
 w - a potion of agility {unknown}
Books
 u - a book of Battle

   Spells                             Type                      Level
   a - Infusion                       Charms                       1
   b - Shroud of Golubria             Charms/Translocation         2
   c - Song of Slaying                Charms                       2
   d - Spectral Weapon                Hexes/Charms                 3
   e - Regeneration                   Charms/Necromancy            3
Comestibles
 b - 4 bread rations
 d - 3 meat rations
 q - a beef jerky


   Skills:
 + Level 3.6 Fighting
 - Level 2.4 Dodging
 - Level 2.4 Stealth
 * Level 5.5 Unarmed Combat


You had 4 spell levels left.
You didn't know any spells.

Dungeon Overview and Level Annotations

Branches:
Dungeon (4/15)
 Temple: D:4-7

Altars:
Elyvilon
Fedhas
Nemelex Xobeh
Sif Muna
Trog
Vehumet
The Shining One


Innate Abilities, Weirdness & Mutations

You have extremely sharp teeth.
Your natural rate of healing is unusually fast.
When hurt, damage is shared between your health and your magic reserves.
Your bite disrupts and absorbs the magic of your enemies.
Potions and wands cannot restore your health.
You are immune to rotting.


Message History

The scorpion is severely wounded.
* * * LOW HITPOINT WARNING * * *
You feel sick. The scorpion stings you.
* * * LOW HITPOINT WARNING * * *
You are more poisoned.
The scorpion poisons you!
You hit the scorpion but do no damage.
The scorpion is severely wounded.
* * * LOW HITPOINT WARNING * * *
You feel sick. The scorpion closely misses you.
Unknown command.
Drink which item? (? for menu, Esc to quit)
It was a potion of might.
You feel very mighty all of a sudden.
* * * LOW HITPOINT WARNING * * *
You feel sick. The scorpion stings you.
Drink which item? (? for menu, Esc to quit)
It was a potion of magic.
Magic courses through your body.
You die...
Fedhas appreciates your contribution to the ecosystem.

#### ....h. ####...#.#
#####...... ##.##.# .....#
####.#### ####o#
###.......# # #.# #+#
#.......#.#
####.###.#######.#.##..# #
.......o.....o.#.#.##..#
.....###.#####.#.#.....#.#
.######...# #.#@#.......#
.# #.....# #.#s##.##.###
## ##...## #.#.##.##.#
##.## #.#)......# ###
#.)....#### ########


You could see a scorpion.

Vanquished Creatures
  2 adders (D:3)
  2 dart slugs
  4 giant geckos
  6 orcs
  A ball python (D:2)
  2 giant cockroaches
  9 goblins
  15 hobgoblins
  3 jackals (D:2)
  13 kobolds
  A quokka (D:2)
  10 bats
  4 giant newts
  10 rats
82 creatures vanquished.

Vanquished Creatures (others)
  20 toadstools
20 creatures vanquished.

Grand Total: 102 creatures vanquished

Notes
Turn   | Place    | Note
--------------------------------------------------------------
     0 | D:1      | Eucla the Vine Stalker Monk began the quest for the Orb.
     0 | D:1      | Reached XP level 1. HP: 11/11 MP: 2/2
    94 | D:1      | Reached XP level 2. HP: 4/16 MP: 0/3
   395 | D:1      | Reached XP level 3. HP: 20/20 MP: 4/4
   998 | D:2      | Reached skill level 5 in Unarmed Combat
   998 | D:2      | Reached XP level 4. HP: 24/24 MP: 5/5
  1026 | D:2      | Found a radiant altar of Vehumet.
  1032 | D:2      | Found a glowing golden altar of the Shining One.
  1032 | D:2      | Found a sparkling altar of Nemelex Xobeh.
  1033 | D:2      | Found a bloodstained altar of Trog.
  1034 | D:2      | Found a white marble altar of Elyvilon.
  1212 | D:2      | Found a blossoming altar of Fedhas.
  1222 | D:2      | Became a worshipper of Fedhas Madash
  1222 | D:2      | Reached * piety under Fedhas
  1222 | D:2      | Reached ** piety under Fedhas
  1872 | D:3      | Found a deep blue altar of Sif Muna.
  1908 | D:3      | Reached XP level 5. HP: 28/28 MP: 6/6
  2256 | D:4      | HP: 1/28 [poisoned by a scorpion]
  2257 | D:4      | Succumbed to a scorpion's poison

Skill      XL: |  1  2  3 |
---------------+----------+-----
Fighting       | 3 |  3.6
Unarmed Combat | 5 |  5.5
Dodging        | |  2.4
Stealth        | |  2.4

Action                   |  1- 3 |  4- 6 || total
-------------------------+-------+-------++-------
Melee: Unarmed           |   109 |   110 ||   219
       Bite              |    23 |    30 ||    53
       Punch             |       |     3 ||     3
  Use: Potion            |       |     6 ||     6
 Stab: Sleeping          |    10 |     2 ||    12
  Eat: Chunk             |       |     2 ||     2
       Pizza             |       |     1 ||     1
Armor: Leather armour    |    27 |    13 ||    40
       Robe              |     1 |       ||     1
       Ring mail         |       |    22 ||    22
Dodge: Dodged            |    60 |    46 ||   106
